 Dungeon Crawl Stone Soup version 0.32-a0-975-g85d4e5bfdb (webtiles) character file.

Game seed: 15133372578423298463

41 kae the Changeling (level 3, 0/39 HPs)
             Began as a Demonspawn Shapeshifter on Apr 18, 2024.
             Succumbed to an adder's poison
             ... on level 2 of the Dungeon.
             The game lasted 00:00:43 (869 turns).

kae the Changeling (Demonspawn Shapeshifter)         Turns: 869, Time: 00:00:43

Health: 0/39       AC: 21    Str: 14    XL:     3   Next: 32%
Magic:  3/3        EV:  2    Int: 10    God:
Gold:   30         SH:  0    Dex: 14    Spells: 2/2 levels left

rFire   . .          .
                       - Unarmed
rCold   . . .        (no shield)
rNeg    . . .        a - melded +0 animal skin
rPois   +            (helmet currently unavailable)
rElec   .            (cloak currently unavailable)
rCorr   .            (gloves currently unavailable)
SInv    .            (boots currently unavailable)
Will    .....        (no amulet)
Stlth   +            (no ring)
HPRegen 0.26/turn    (no ring)
MPRegen 0.08/turn

%: no passive effects
@: lethally poisoned (0 -> -1), tree-form, attractive
A: stationary, stasis, torment immunity, boosted hp, (icy blue scales 1)
a: no special abilities


You were on level 2 of the Dungeon.
You were a tree.
You visited 1 branch of the dungeon, and saw 2 of its levels.

You collected 30 gold pieces.


Innate Abilities, Weirdness & Mutations

You are a tree.
Your roots penetrate the ground, keeping you stationary.
You cannot be teleported.
You are immune to unholy pain and torment.
Your maximum health is greatly increased.
Your equipment is partially melded.
((You are partially covered in icy blue scales. (AC +2)))


   Skills:
 - Level 1.0 Fighting
 - Level 1.7 Dodging
 + Level 3.2 Unarmed Combat
 * Level 3.5 Shapeshifting


You had 2 spell levels left.
You didn't know any spells.
Your spell library was empty.

Inventory:

Missiles
 e - 4 javelins (quivered)
 g - 18 stones
Armour
 a - a +0 animal skin (melded)
Talismans
 c - a beast talisman (active)
 d - a flux talisman
 i - a serpent talisman
   (You found it on level 1 of the Dungeon)

Dungeon Overview and Level Annotations

Branches:
Dungeon (2/15) Zot: 11109

Altars:

#......######
#...........#
#......<....#
#....†......#
#...........#
###.........#
#^........#
#.........#
#..♣.......
#!..........
#).........
#..........
#..........
###########


There were no monsters in sight!


Message History

😮 HP[+1] Unknown command.
You see here a ribbon worm corpse.
You start resting. 😕 HP[+5]
You regained 5 hp, and now have 22/26 hp.
An adder comes into view.
The adder hisses angrily.
An adder is nearby!
You hit the adder. The adder closely misses you.
You closely miss the adder. The adder bites you but does no damage.
The adder closely misses you. 😕 HP[+1]
An adder is nearby!
An adder is nearby!
You closely miss the adder. The adder barely misses you.
You closely miss the adder. Your punch misses the adder.
The adder closely misses you.
An adder is nearby!
You barely miss the adder. The adder bites you but does no damage.
You hit the adder.
The adder bites you but does no damage. 😕 HP[+1]
You closely miss the adder. The adder bites you. The adder closely misses you.
You barely miss the adder. The adder closely misses you. 😕 HP[-1]
You take 1 damage, and now have 23/26 hp.
An adder is nearby!
You closely miss the adder. The adder bites you.
You are poisoned.
The adder poisons you!
You hit the adder.
You feel sick. The adder barely misses you. 😮 HP[-4]
You take 4 damage, and now have 19/26 hp.
You hit the adder.
You feel sick. The adder bites you.
You are more poisoned.
The adder poisons you! The adder bites you.
You are too injured to fight recklessly! 😮 HP[-4]
You take 4 damage, and now have 15/26 hp.
You miss the adder.
You feel sick. The adder bites you.
* * * LOW HITPOINT WARNING * * *
You are lethally poisoned!
The adder poisons you! 😨 HP[-5]
You take 5 damage, and now have 10/26 hp.
You hit the adder.
You kill the adder!
* * * LOW HITPOINT WARNING * * *
You feel very sick. 😨 HP[-3]
You take 3 damage, and now have 7/26 hp.
* * * LOW HITPOINT WARNING * * *
You feel very sick.
You see here an adder corpse. 😱 HP[-3]
You take 3 damage, and now have 4/26 hp.
Unknown command.
There is a lethal amount of poison in your body!
There is a lethal amount of poison in your body!
Your transformation has ended.
You turn into a tree.
Your +0 animal skin melds into your body.
Your roots penetrate the ground.
* * * LOW HITPOINT WARNING * * *
You feel sick. 😱 HP[+1]
You now have 39 max hp (+13).
There is a lethal amount of poison in your body!
* * * LOW HITPOINT WARNING * * *
You feel sick. 😱 HP[-1]
You take 1 damage, and now have 4/39 hp.
* * * LOW HITPOINT WARNING * * *
You feel sick.
There is a lethal amount of poison in your body!
There is a lethal amount of poison in your body!
There is a lethal amount of poison in your body!
There is a lethal amount of poison in your body!
* * * LOW HITPOINT WARNING * * *
You feel sick. 😱 HP[-1]
You take 1 damage, and now have 3/39 hp.
* * * LOW HITPOINT WARNING * * *
You feel sick. 😱 HP[-1]
You take 1 damage, and now have 2/39 hp.
It was a potion of attraction.
You feel attractive to monsters.
* * * LOW HITPOINT WARNING * * *
You feel sick. 😱 HP[-1]
You take 1 damage, and now have 1/39 hp.
There are no objects that can be picked up here. an adder corpse Unknown command.
There is a lethal amount of poison in your body!
There is a lethal amount of poison in your body!
* * * LOW HITPOINT WARNING * * *
You feel sick.
You die...

Skill      XL: |  1  2 |
---------------+-------+-----
Shapeshifting  | 3 |  3.5
Unarmed Combat | 3 |  3.2
Fighting       | |  1.0
Dodging        | |  1.7

Action                     || total
---------------------------++-------
  Melee: Unarmed           ||    83
         Punch             ||     2
    Use: Scroll            ||     1
         Potion            ||     2
 Armour: Animal skin       ||    40
  Dodge: Dodged            ||    52

Levels and vault maps discovered:
D:1:      zelgadis_glass_arrival_small, layout_loops_ring,
          chequers_serial_rivers_large_b
D:2:      layout_basic, uniq_jessica

Notes
Turn   | Place    | Note
-------+----------+-------------------------------------------
     0 | D:1      | kae the Demonspawn Shapeshifter began the quest for the
                  | Orb.
     0 | D:1      | Reached XP level 1. HP: 15/15 MP: 1/1
     0 | D:1      | magus.rc [v1.11.3]
   201 | D:1      | Reached skill level 3 in Shapeshifting
   210 | D:1      | Gained mutation: You are partially covered in icy blue
                  | scales. (AC +2) [demonic ancestry]
   210 | D:1      | Reached XP level 2. HP: 21/21 MP: 2/2
   433 | D:1      | Reached skill level 3 in Unarmed Combat
   807 | D:2      | Reached XP level 3. HP: 26/26 MP: 3/3
   861 | D:2      | HP: 4/26 [poisoned by an adder]
   866 | D:2      | HP: 2/39 [poisoned by an adder]
   869 | D:2      | Succumbed to an adder's poison

Vanquished Creatures
  An adder (D:2)
  A dart slug (D:1)
  A ribbon worm (D:2)
  2 bats (D:1)
  3 endoplasms (D:1)
  4 giant cockroaches (D:1)
  A goblin (D:1)
  2 hobgoblins (D:1)
  2 quokkas
  2 ball pythons (D:1)
  5 kobolds (D:1)
  A rat (D:1)
25 creatures vanquished.

Table legend:
 A = Non-vault XP
 B = Vault XP
 C = Vault XP percentage of total XP
 D = Non-vault monster count
 E = Vault monster count
 F = Vault count percentage of total count
                 A         B        C        D         E       F
            +---------+---------+-------+---------+---------+-------
      Total |      59 |       0 |   0.0 |      25 |       0 |   0.0
            +---------+---------+-------+---------+---------+-------
        D:1 |      39 |       0 |   0.0 |      22 |       0 |   0.0
        D:2 |      20 |       0 |   0.0 |       3 |       0 |   0.0
            +---------+---------+-------+---------+---------+-------

Skill      XL: |  1  2 |
---------------+-------+-----
Shapeshifting  | 3 |  3.5
Unarmed Combat | 3 |  3.2
Fighting       | |  1.0
Dodging        | |  1.7

Action                     || total
---------------------------++-------
  Melee: Unarmed           ||    83
         Punch             ||     2
    Use: Scroll            ||     1
         Potion            ||     2
 Armour: Animal skin       ||    40
  Dodge: Dodged            ||    52

Illustrated notes

Table legend:
 A = Kills in this place as a percentage of kills in the entire game.
 B = Kills by you in this place as a percentage of kills by you in the entire game.
 C = Kills by friends in this place as a percentage of kills by friends in the entire game.
 D = Other kills in this place as a percentage of other kills in the entire game.
 E = Experience gained in this place as a percentage of experience gained in the entire game.
 F = Experience gained in this place divided by the number of levels of this place that you have seen.
                   A       B       C       D       E      F
               +-------+-------+-------+-------+-------+----------------------
         Total | 100.0 | 100.0 |   N/A |   N/A | 100.0 |  29.5
       Dungeon | 100.0 | 100.0 |   N/A |   N/A | 100.0 |  29.5
               +-------+-------+-------+-------+-------+----------------------

Table legend: (Time is in decaauts)
 A = Elapsed time spent in this place.
 B = Non-inter-level travel time spent in this place.
 C = Inter-level travel time spent in this place.
 D = Time resting spent in this place.
 E = Time spent auto-exploring this place.
 F = Levels seen in this place.
 G = Mean time per level.
                   A        B        C        D        E       F      G
               +--------+--------+--------+--------+--------+-----+--------+
         Total |    890 |    880 |     10 |     35 |    673 |   2 |  445.0 |
       Dungeon |    890 |    880 |     10 |     35 |    673 |   2 |  445.0 |
               +--------+--------+--------+--------+--------+-----+--------+

Top non-repeatable levels by time:
     D:1: 825 daAuts
     D:2: 65 daAuts
